 Dungeon Crawl Stone Soup version 0.30-a0-739-gea05faddec (webtiles) character file.

Game seed: 2471440675116323611

49 Decipherer the Chopper (level 3, -7/33 HPs)
             Began as a Minotaur Berserker on Feb 4, 2023.
             Was a Believer of Trog.
             Killed from afar by Grinder (19 damage)
             ... with a bolt of light
             ... on level 3 of the Dungeon.
             The game lasted 00:01:34 (1157 turns).

Decipherer the Chopper (Minotaur Berserker)         Turns: 1157, Time: 00:01:34

Health: -7/33      AC:  2    Str: 23    XL:     3   Next: 53%
Magic:  2/2        EV: 12    Int:  4    God:    Trog [**....]
Gold:   121        SH:  0    Dex:  9    Spells: 2/2 levels left

rFire   . . .      SeeInvis +    a - +0 hand axe
rCold   . . .      Faith    .    (no shield)
rNeg    . . .      Spirit   .    b - +0 animal skin
rPois   +          Reflect  .    (helmet restricted)
rElec   .          Harm     .    (no cloak)
rCorr   .          Rampage  .    (no gloves)
Will    .....                    (no boots)
Stlth   +                        (no amulet)
HPRegen 0.25/turn                d - ring of see invisible
MPRegen 0.08/turn                j - ring of poison resistance

@: confused, on berserk cooldown, slowed, very slow
A: horns 2, retaliatory headbutt
a: Renounce Religion, Berserk, Trog's Hand


You were on level 3 of the Dungeon.
You worshipped Trog.
Trog was pleased with you.
You visited 1 branch of the dungeon, and saw 3 of its levels.

You collected 121 gold pieces.

Inventory:

Hand Weapons
 a - a +0 hand axe (weapon)
Missiles
 l - 4 boomerangs
Armour
 b - a +0 animal skin (worn)
 m - a +0 pair of gloves
Jewellery
 d - a ring of see invisible (left hand)
 j - a ring of poison resistance (right hand)
Scrolls
 c - a scroll of teleportation {unknown}
 e - 3 scrolls of identify {unknown}
 g - a scroll of immolation {unknown}
 h - 3 scrolls of fog {unknown}
 i - a scroll of fear {unknown}
 o - a scroll of poison {unknown}
 p - a scroll of noise {unknown}
Potions
 f - a potion of magic {unknown}
 k - a potion of curing {unknown}


   Skills:
 + Level 4.3 Fighting
 + Level 4.6 Axes
 + Level 2.6 Armour
 + Level 2.6 Dodging


You had 2 spell levels left.
You didn't know any spells.
Your spell library was empty.

Dungeon Overview and Level Annotations

Branches:
Dungeon (3/15)

Altars:

Annotations:
D:3 Grinder


Innate Abilities, Weirdness & Mutations

You have a pair of horns on your head.
You reflexively headbutt those who attack you in melee.


Message History

Grinder is moderately wounded.
You barely miss the rat. The rat bites you. Grinder hits you!
You writhe in agony.
You slash Grinder!
Grinder is severely wounded.
You slash the rat!
You kill the rat!
Trog accepts your kill.
You barely miss Grinder.
Grinder is severely wounded.
Grinder blinks!
You slash the worm! You headbutt the worm!
You kill the worm!
Trog accepts your kill.
A hobgoblin comes into view.
Things that are here:
a worm corpse; an adder corpse
Found a war axe.
You feel a strong urge to attack something.
Found 14 gold pieces.
You feel your anger nearly subside.
You are no longer berserk.
You are exhausted.
You feel yourself slow down.
Grinder is nearby!
You are too injured to fight recklessly!
Unknown command.
Grinder is nearby!
You are too injured to fight recklessly!
Unknown command.
Grinder gestures at you.
You suddenly lose the ability to move!
You can move again.
You barely miss the hobgoblin. The hobgoblin barely misses you.
Grinder says, "Just stop there for a second..."
Grinder gestures at you.
You barely resist. The hobgoblin hits you.
Grinder zaps a wand.
The bolt of light hits you!!
You are confused.
Ouch! That really hurt!
You die...

.. #.# # .. .. #.#
.. # ..###.# ##.
.... # #..###.###
#.#.##..@..#
###.#.#..#g#..#
#...).†5#)#$#....
#.###.#..#.#..#...
#. ##.##.....## ##
#.##...###.###
#...........g
###.#########.
#.########


You could see Grinder and a hobgoblin.

Vanquished Creatures
  An adder (D:3)
  A worm (D:3)
  A dart slug (D:1)
  3 ball pythons
  2 endoplasms
  3 goblins
  2 hobgoblins (D:1)
  3 jackals (D:1)
  6 bats
  3 frilled lizards
  6 kobolds (D:1)
  6 rats
37 creatures vanquished.

Notes
Turn   | Place    | Note
-------+----------+-------------------------------------------
     0 | D:1      | Decipherer the Minotaur Berserker began the quest for the
                  | Orb.
     0 | D:1      | Reached XP level 1. HP: 19/19 MP: 0/0
   263 | D:1      | Reached XP level 2. HP: 25/27 MP: 1/1
   532 | D:1      | You fall into a shaft and drop 1 floor!
   826 | D:2      | Reached ** piety under Trog
   827 | D:2      | Reached XP level 3. HP: 29/33 MP: 2/2
  1045 | D:2      | Found a faded altar of an unknown god.
  1139 | D:3      | Noticed Grinder
  1155 | D:3      | Paralysed by Grinder for 2 turns
  1157 | D:3      | Killed from afar by Grinder

Illustrated notes

Levels and vault maps discovered:
D:1:      minmay_arrival_split_and_join, layout_basic
D:2:      layout_rooms, shapermc_ecumenical_altar_pompeii
D:3:      layout_loops_ring, minmay_box_of_dots, uniq_grinder

Skill      XL: |  1  2 |
---------------+-------+-----
Axes           | 4 |  4.6
Fighting       | 4 |  4.3
Armour         | |  2.6
Dodging        | |  2.6

Action                     || total
---------------------------++-------
  Melee: Hand axe          ||    60
         Headbutt          ||     7
         Punch             ||     1
 Invoke: Berserk           ||     2
 Armour: Animal skin       ||    20
  Dodge: Dodged            ||    40

Table legend: (Time is in decaauts)
 A = Elapsed time spent in this place.
 B = Non-inter-level travel time spent in this place.
 C = Inter-level travel time spent in this place.
 D = Time resting spent in this place.
 E = Time spent auto-exploring this place.
 F = Levels seen in this place.
 G = Mean time per level.
                   A        B        C        D        E       F      G
               +--------+--------+--------+--------+--------+-----+--------+
         Total |   1172 |   1050 |    122 |      0 |    856 |   3 |  390.7 |
       Dungeon |   1172 |   1050 |    122 |      0 |    856 |   3 |  390.7 |
               +--------+--------+--------+--------+--------+-----+--------+

Top non-repeatable levels by time:
     D:1: 793 daAuts
     D:2: 354 daAuts
     D:3: 24 daAuts
